Map: Kairos Junction LE

Players

EnragedDrone - Winner!

  • Race: Zerg Zerg
  • League: Diamond
  • Spawn Location: 11:00

Apoptosis

  • Race: Zerg Zerg
  • League: Diamond
  • Spawn Location: 5:00

VOD

Have the link to the VOD?

Description

Time

  • Played on: Nov. 29, 2018, 3:21 a.m.
  • Length: 8:20
Show
View Real Time Build Order
Export as new Build Order

EnragedDrone Zerg - Winner!

Build Orders: Hatch First, Lurkers 

Get SALT Encoding   

  12  0:00  Drone  
  13  0:13  Overlord  
  13  0:17  Drone  
  14  0:32  Drone x2  
  16  0:38  Drone  
  17  0:49  Drone  
  18  0:57  Hatchery  
  18  1:00  Drone  
  18  1:03  Extractor  
  17  1:14  Spawning Pool  
  17  1:17  Drone  
  17  1:20  Drone  
  18  1:29  Drone  
  19  1:41  Overlord  
  19  2:00  Queen  
  21  2:03  Zergling x4  
  23  2:08  Queen  
  23  2:09  Zergling x2  
  26  2:16  Metabolic Boost  
  26  2:18  Zergling x2  
  26  2:21  Extractor  
  26  2:23  Drone  
  26  2:26  Drone  
  28  2:34  Drone x2  
  30  2:44  Drone, Queen  
  30  2:50  Roach Warren  
  32  2:53  Drone  
  32  2:57  Overlord  
  33  3:04  Spine Crawler  
  32  3:07  Drone  
  33  3:20  Lair  
  33  3:24  Drone  
  33  3:25  Drone  
  35  3:34  Roach x2  
  39  3:35  Drone  
  40  3:42  Roach  
  40  3:45  Overlord  
  41  3:50  Roach  
  43  4:00  Overlord  
  43  4:01  Drone  
  41  4:07  Roach x2  
  46  4:10  Drone  
  46  4:13  Drone  
  47  4:20  Hydralisk Den  
  47  4:21  Drone  
  47  4:35  Drone x3  
  50  4:43  Glial Reconstitution  
  50  4:46  Extractor  
  50  4:47  Extractor  
  50  4:51  Drone x5, Lurker Den  
  52  5:05  Overlord x2  
  52  5:13  Drone x3  
  55  5:15  Drone x2  
  57  5:22  Drone  
  58  5:28  Drone  
  59  5:38  Hydralisk x5  
  69  5:45  Evolution Chamber  
  69  5:46  Drone x3  
  71  5:54  Hydralisk x2  
  75  6:00  Spore Crawler  
  75  6:04  Drone x2, Spore Crawler  
  76  6:05  Drone  
  76  6:13  Zerg Missile Weapons Level 1  
  76  6:19  Overlord x3  
  76  6:42  Lurker x4  
  76  6:43  Lurker x3  
  76  6:45  Hydralisk  
  85  6:47  Hydralisk  
  87  6:56  Drone  
  87  7:01  Grooved Spines  
  88  7:05  Hatchery  
  88  7:07  Roach x2  
  91  7:09  Overlord  
  91  7:16  Lurker  
  91  7:19  Overlord  
  89  7:57  Hatchery  
Show
View Real Time Build Order
Export as new Build Order

Apoptosis Zerg 

Build Orders: Hatch First, Zergling Baneling 

Get SALT Encoding   

  12  0:01  Drone  
  13  0:12  Overlord  
  13  0:17  Drone  
  14  0:30  Drone x2  
  16  0:51  Hatchery  
  16  0:55  Drone  
  16  1:06  Drone x3  
  19  1:22  Spawning Pool  
  19  1:23  Extractor  
  17  1:32  Drone x2  
  19  2:04  Overlord  
  19  2:08  Queen  
  19  2:09  Zergling x4  
  19  2:10  Zergling x2  
  19  2:11  Queen  
  26  2:24  Metabolic Boost  
  26  2:29  Zergling x8  
  30  2:37  Drone x2  
  32  2:47  Overlord, Baneling Nest  
  31  2:56  Zergling x2  
  32  3:08  Zergling x6  
  32  3:10  Spine Crawler  
  34  3:24  Drone x5  
  39  3:37  Baneling  
  39  3:38  Baneling x2  
  39  3:54  Hatchery  
  39  3:55  Zergling x4  
  39  4:04  Hatchery  
  39  4:05  Baneling x5  
  39  4:08  Drone  
  39  4:12  Overlord  
  39  4:15  Baneling  
  39  4:16  Baneling  
  37  4:32  Drone x7  
  37  4:36  Extractor  
  43  4:44  Roach Warren  
  42  4:47  Extractor  
  42  4:48  Overlord  
  41  5:04  Drone x3  
  41  5:06  Extractor  
  43  5:15  Drone x2  
  43  5:16  Drone  
  43  5:17  Drone x2, Overlord  
  48  5:24  Roach  
  48  5:25  Roach  
  48  5:28  Roach  
  54  5:30  Drone  
  54  5:32  Drone  
  56  5:45  Roach x4  
  56  5:49  Drone x2  
  66  5:59  Lair  
  66  6:01  Overlord  
  66  6:02  Overlord  
  66  6:06  Baneling x4  
  66  6:15  Overlord x2  
  66  6:27  Drone x4, Evolution Chamber  
  66  6:28  Evolution Chamber  
  66  6:32  Drone x3  
  71  6:41  Queen  
  71  6:45  Drone x3  
  71  6:46  Roach  
  78  6:49  Roach  
  80  7:01  Roach x3  
  86  7:18  Drone x4  
  90  7:27  Overseer x2  
  90  7:29  Roach x5  
  97  7:36  Roach x2  
  97  7:42  Overlord x3  
  91  7:44  Overseer x2  
  80  8:00  Roach x4, Overlord x2  
  80  8:01  Roach  
  78  8:09  Ravager x5  
Tags
 
Add a new tag
Caveats
  • Supply blocks, unpowered buildings, or Contaminate may cause inaccurate times.
  • Supply counts are checked every 10 seconds.